 Dungeon Crawl Stone Soup version 0.14-a0-2080-ge317583 (webtiles) character file.

1572 Piginabag the Fighter (level 8, -1/79 HPs)
             Began as a Green Draconian Wanderer on Jan 24, 2014.
             Killed by nerve-wracking pain
             ... invoked by Grinder
              (8 damage)
             ... on Level 4 of the Dungeon.
             The game lasted 00:15:40 (5025 turns).

Piginabag the Fighter (Green Draconian Wanderer)    Turns: 5025, Time: 00:15:41

HP  -1/79        AC  7     Str 15      XL: 8   Next: 40%
MP  18/18        EV 11     Int 15      God:
Gold 187         SH  0     Dex 10      Spells:  0 memorised,  7 levels left

rFire  . . .     SeeInvis .     u - +1,+2 long sword (elec) (curse)
rCold  . . .     Clarity  .     (armour unavailable)
rNeg   . . .     Conserve .     (no shield)
rPois  +         rCorr    .     (helmet restricted)
rElec  .         rRot     .     s - +0 cloak
SustAb + .       Spirit   .     (no gloves)
rMut   .         Warding  .     (no boots)
Saprov . . .     Stasis   .     (no amulet)
MR     +....                    t - ring of sustain abilities
                                x - cursed ring of magical power

@: somewhat resistant to hostile enchantments, unstealthy
A: breathe noxious fumes, unfitting armour, magic resistance 1, poison
resistance, wild magic 1, AC +6
a: Breathe Noxious Fumes


You were on level 4 of the Dungeon.
You were not hungry.

You visited 1 branch of the dungeon, and saw 5 of its levels.
You also visited: Ossuary.

You collected 187 gold pieces.

Inventory:

Hand weapons
 a - a cursed +1,+2 crossbow
 m - a +2,+0 scythe of venom
 r - a +4,+2 quarterstaff of chaos
 u - a cursed +1,+2 long sword of electrocution (weapon)
Missiles
 c - 16 bolts
Armour
 s - a +0 cloak (worn)
Magical devices
 q - a wand of random effects (7)
Comestibles
 d - 2 bread rations
 v - a beef jerky
 B - a meat ration
Scrolls
 b - 7 scrolls of identify
 e - 5 scrolls of remove curse {unknown}
 f - a scroll of curse jewellery {unknown}
 j - a scroll of enchant armour {unknown}
 k - 3 scrolls of curse weapon {unknown}
 l - 3 scrolls of immolation {unknown}
 n - 4 scrolls of fog {unknown}
 o - a scroll of fear {unknown}
 z - a scroll of curse armour {unknown}
Jewellery
 t - a ring of sustain abilities (right hand)
 x - a cursed ring of magical power (left hand)
 y - a cursed +3 ring of intelligence
Potions
 h - a potion of degeneration {unknown}
 p - a potion of agility {unknown}
 C - a potion of flight {unknown}
 D - a potion of might
 E - a potion of resistance
Books
 w - a book of Enchantments

   Spells                             Type                      Level
   Cause Fear                         Hexes                        4
   Silence                            Hexes/Air                    5
   Tukima's Dance                     Hexes                        5
   Deflect Missiles                   Charms/Air                   6
   Haste                              Charms                       6
   Discord                            Hexes                        8


   Skills:
 + Level 10.3 Fighting
 + Level 4.6 Long Blades
 - Level 2.6 Crossbows
 - Level 1.0 Dodging
 - Level 1.0 Stealth
   Level 1.0 Invocations
 + Level 1.0 Evocations


You had 7 spell levels left.
You didn't know any spells.

Dungeon Overview and Level Annotations

Branches:
Dungeon (5/16)
 Temple: D:4-7

Altars:
Kikubaaqudgha

Annotations:
D:4 exclusion: downstairs, Grinder
D:5 Ijyb, Menkaure


Innate Abilities, Weirdness & Mutations

You can breathe blasts of noxious fumes.
Your lurid green scales are hard (AC +6).
Your body does not fit into most forms of armour.
Your cold-blooded metabolism reacts poorly to cold.
Your system is resistant to poisons.
You are resistant to hostile enchantments.
Your spells are a little harder to cast, but a little more powerful.


Message History

You feel a little less mighty now.
You start to feel less resistant.
You start resting.
Your resistance to elements expires.
You start resting.
Grinder is nearby!
Grinder is nearby!
Grinder gestures at you. You resist. Grinder gestures at you.
You resist with almost no effort.
Your magical contamination has completely faded away.
Grinder gestures at you. You resist. Grinder gestures at you.
Pain shoots through your body!
* * * LOW HITPOINT WARNING * * *
Grinder gestures at you. Pain shoots through your body!
You die...

#..).. #..... #..... #.....
#..... #.....
############################.....
#.........5............#...#.....
................@................
...........................).....
..........................>......
....................<............
.................................
.................................
.................................
..............................%..
.#..........#..#...#.......#.....


You could see Grinder.

Vanquished Creatures
  The ghost of HollowCharge the Skirmisher, an average DsFi (D:3)
  The ghost of Piginabag the Skirmisher, an average DrMo (D:4)
  2 ogres (D:4)
  A centaur (D:3)
  Sigmund (D:2)
  An elf zombie (Ossuary)
  2 crimson imps
  A hound (D:4)
  2 human zombies (Ossuary)
  Crazy Yiuf (D:2)
  5 orc wizards
  3 worker ants (D:4)
  2 big kobold zombies (Ossuary)
  A hound zombie (Ossuary)
  4 mummies (Ossuary)
  5 gnolls
  A giant mite (D:4)
  10 adders
  3 worms
  5 giant geckos
  An ooze (D:2)
  10 orcs
  A ball python (D:2)
  11 bats
  A gnoll zombie (Ossuary)
  10 hobgoblins
  9 jackals
  A quokka (D:4)
  4 giant cockroaches
  4 giant newts
  A gnoll skeleton (D:4)
  8 goblins
  2 hobgoblin zombies (Ossuary)
  A jackal zombie (Ossuary)
  6 kobolds
  A kobold zombie (Ossuary)
  13 rats
  A rat zombie (Ossuary)
137 creatures vanquished.

Vanquished Creatures (others)
  A jackal (D:5)
1 creature vanquished.

Grand Total: 138 creatures vanquished

Notes
Turn   | Place    | Note
--------------------------------------------------------------
     0 | D:1      | Piginabag, the Draconian Wanderer, began the quest for the Orb.
     0 | D:1      | Reached XP level 1. HP: 17/17 MP: 1/1
    89 | D:1      | Reached skill level 3 in Fighting
    89 | D:1      | Reached XP level 2. HP: 21/26 MP: 2/2
   697 | D:1      | Reached XP level 3. HP: 33/33 MP: 3/3
   850 | D:2      | Reached skill level 4 in Fighting
  1116 | D:2      | Reached XP level 4. HP: 41/41 MP: 4/4
  1235 | D:2      | Noticed Sigmund
  1240 | D:2      | Killed Sigmund
  1240 | D:2      | Reached skill level 5 in Fighting
  1240 | D:2      | Reached XP level 5. HP: 26/50 MP: 5/5
  1519 | D:2      | Noticed Crazy Yiuf
  1819 | D:3      | Noticed a centaur
  1821 | D:3      | Reached skill level 6 in Fighting
  1828 | D:3      | Killed a centaur
  2029 | D:3      | Noticed HollowCharge's ghost (average DsFi)
  2038 | D:3      | Killed HollowCharge's ghost
  2038 | D:3      | Reached skill level 7 in Fighting
  2038 | D:3      | Reached XP level 6. HP: 47/61 MP: 7/7
  2225 | D:3      | Reached skill level 8 in Fighting
  2785 | D:2      | Killed Crazy Yiuf
  2859 | D:2      | Your scales start taking on a lurid green colour.
  2859 | D:2      | Gained mutation: Your system is resistant to poisons. [draconian maturity]
  2859 | D:2      | Reached XP level 7. HP: 69/69 MP: 8/8
  3169 | D:4      | Noticed Piginabag's ghost (average DrMo)
  3176 | D:4      | Killed Piginabag's ghost
  3333 | D:4      | Reached skill level 9 in Fighting
  3420 | D:4      | Found an ancient bone altar of Kikubaaqudgha.
  3956 | D:5      | Entered Level 5 of the Dungeon
  3958 | D:5      | Noticed Grinder
  3960 | D:5      | Reached XP level 8. HP: 79/79 MP: 9/9
  4036 | D:5      | Reached skill level 10 in Fighting
  4235 | D:5      | Found a sand-covered staircase.
  4241 | Ossuary  | Entered an ossuary
  4917 | D:5      | Paralysed by Grinder for 4 turns
  4925 | D:5      | Paralysed by Grinder for 7 turns
  4941 | D:5      | Paralysed by Grinder for 6 turns
  4949 | D:5      | Gained mutation: Your spells are a little harder to cast, but a little more powerful. [potion of beneficial mutation]
  4956 | D:5      | Noticed Menkaure
  4957 | D:5      | Noticed Ijyb
  4966 | D:4      | Gained mutation: You are resistant to hostile enchantments. [potion of beneficial mutation]
  4966 | D:4      | HP: 2/79 [Grinder/nerve-wracking pain (3)]
  5025 | D:4      | Killed from afar by Grinder

Action                   |  1- 3 |  4- 6 |  7- 9 || total
-------------------------+-------+-------+-------++-------
Melee: Long sword        |       |       |   189 ||   189
 Fire: Crossbow          |    56 |   112 |     4 ||   172
 Abil: Breathe Noxious F |       |       |     5 ||     5
Evoke: Wand              |       |       |     1 ||     1
  Use: Scroll            |       |       |     3 ||     3
       Potion            |       |       |     9 ||     9
 Stab: Confused          |       |       |     1 ||     1
       Invisible         |       |       |     2 ||     2
